 Dungeon Crawl Stone Soup version 0.19.0-19-g8c6edcc (webtiles) character file.

26876 magipi the Prestidigitator (level 13, -4/120 HPs)
             Began as a Troll Hunter on Nov 14, 2016.
             Was the Champion of Okawaru.
             Slain by Rupert
             ... wielding a +3 great mace of crushing
              (5 damage)
             ... while paralysed by Rupert
             ... on level 5 of the Lair of Beasts.
             The game lasted 01:10:24 (13780 turns).

magipi the Prestidigitator (Troll Hunter)          Turns: 13780, Time: 01:10:25

Health: -4/120     AC: 10    Str: 23    XL:     13   Next: 1%
Magic:  19/19      EV:  1    Int:  7    God:    Okawaru [******]
Gold:   845        SH:  0    Dex: 16    Spells: 0 memorised, 12 levels left

rFire  + . .     SeeInvis .       - Unarmed
rCold  . . .     Gourm    +     o - +0 robe of the Pits of Slime {rElec rF+}
rNeg   + . .     Faith    .     (no shield)
rPois  .         Spirit   .     D - +2 hat
rElec  +         Reflect  .     a - +2 cloak {+Inv}
rCorr  .         Harm     .     (gloves unavailable)
MR     .....                    (boots unavailable)
Stlth  ++........               r - amulet of regeneration
                                n - ring of positive energy
                                x - +2 ring of dexterity

@: paralysed
A: unfitting armour, claws 3, fast metabolism 3, gourmand, regeneration 1,
shaggy fur 1, tough skin 2
a: Heroism, Finesse, Renounce Religion, Evoke Invisibility


You were on level 5 of the Lair of Beasts.
You worshipped Okawaru.
Okawaru was exalted by your worship.
You were very full.

You visited 3 branches of the dungeon, and saw 17 of its levels.

You collected 1120 gold pieces.
You spent 275 gold pieces at shops.

Notes
Turn   | Place    | Note
-------+----------+-------------------------------------------
     0 | D:1      | magipi the Troll Hunter began the quest for the Orb.
     0 | D:1      | Reached XP level 1. HP: 19/19 MP: 0/0
   206 | D:1      | Reached skill level 1 in Unarmed Combat
   206 | D:1      | Reached XP level 2. HP: 27/27 MP: 1/1
   490 | D:1      | Reached XP level 3. HP: 32/33 MP: 2/2
  1603 | D:2      | Reached XP level 4. HP: 41/41 MP: 3/3
  1996 | D:3      | Found a runed door.
  2039 | D:3      | Reached XP level 5. HP: 36/48 MP: 4/4
  2281 | D:3      | Found Gozag's Platinum Reserve.
  2298 | D:3      | Found a snail-covered altar of Cheibriados.
  2328 | D:3      | Found an opulent altar of Gozag.
  2579 | D:4      | Found Raunorofaa's Jewellery Shoppe.
  2607 | D:4      | Reached skill level 5 in Throwing
  2638 | D:4      | Reached XP level 6. HP: 24/55 MP: 5/5
  2702 | D:4      | Found a shadowy altar of Dithmenos.
  2796 | D:4      | Noticed Nordron's ghost (amateur OpTm)
  2802 | D:4      | Killed Nordron's ghost
  2827 | D:4      | Reached skill level 5 in Unarmed Combat
  3011 | D:4      | Found Nyreuw's Magic Scroll Shop.
  3019 | D:4      | Bought a scroll of teleportation for 33 gold pieces
  3019 | D:4      | Bought a scroll of identify for 22 gold pieces
  3113 | D:5      | Entered Level 5 of the Dungeon
  3257 | D:5      | Found a shattered altar of Ashenzari.
  3372 | D:5      | Found Wakafaq's Magic Scroll Boutique.
  3402 | D:5      | Bought a scroll of identify for 26 gold pieces
  3402 | D:5      | Bought a scroll of blinking for 97 gold pieces
  3402 | D:5      | Bought a scroll of enchant armour for 97 gold pieces
  3502 | D:5      | Reached XP level 7. HP: 55/62 MP: 6/6
  3520 | D:5      | Found a staircase to the Ecumenical Temple.
  3544 | Temple   | Entered the Ecumenical Temple
  3589 | Temple   | Became a worshipper of Warmaster Okawaru
  4202 | D:6      | Found a burning altar of Makhleb.
  4238 | D:6      | Found a faded altar of an unknown god.
  4238 | D:6      | Found a faded altar of an unknown god.
  4243 | D:6      | Found a basalt altar of Yredelemnul.
  4245 | D:6      | Found a blossoming altar of Fedhas.
  4246 | D:6      | Found a faded altar of an unknown god.
  4342 | D:7      | Reached * piety under Okawaru
  4375 | D:6      | Reached XP level 8. HP: 59/70 MP: 7/7
  4409 | D:7      | Noticed a hippogriff
  4416 | D:7      | Killed a hippogriff
  4585 | D:7      | Found an iron altar of Okawaru.
  4794 | D:7      | Reached ** piety under Okawaru
  5173 | D:7      | Reached XP level 9. HP: 76/76 MP: 8/8
  5546 | D:8      | Found a staircase to the Lair.
  5630 | D:8      | Reached skill level 10 in Unarmed Combat
  5996 | D:8      | Reached *** piety under Okawaru
  6477 | D:3      | Noticed Crazy Yiuf
  6480 | D:3      | Killed Crazy Yiuf
  6885 | D:8      | Reached skill level 1 in Invocations
  6900 | D:9      | Reached skill level 1 in Evocations
  6974 | D:9      | Found a radiant altar of Vehumet.
  7098 | D:9      | Noticed a troll
  7109 | D:9      | Killed a troll
  7109 | D:9      | Reached XP level 10. HP: 46/94 MP: 10/10
  7220 | D:8      | Found a stormy altar of Qazlal.
  7780 | D:9      | Reached **** piety under Okawaru
  7935 | D:9      | Found a staircase to the Orcish Mines.
  8115 | D:10     | Entered Level 10 of the Dungeon
  8260 | D:10     | Reached skill level 5 in Fighting
  8597 | D:10     | Found a portal to a secret trove of treasure.
  8753 | D:10     | Reached skill level 5 in Dodging
  9256 | D:11     | Noticed Josephine
  9303 | D:11     | Noticed Harold
  9374 | D:11     | Killed Harold
  9404 | D:11     | Killed Josephine
  9404 | D:11     | Reached ***** piety under Okawaru
  9463 | D:11     | Reached XP level 11. HP: 105/105 MP: 13/13
  9468 | D:11     | Noticed Sonja
  9476 | D:11     | Killed Sonja
  9476 | D:11     | Received a gift from Okawaru
  9482 | D:11     | Reached skill level 5 in Evocations
  9516 | D:11     | Noticed a red ugly thing
  9541 | D:11     | Killed a red ugly thing
  9541 | D:11     | Received a gift from Okawaru
  9662 | D:11     | Noticed Erica
  9670 | D:11     | Killed Erica
  9717 | D:11     | Received a gift from Okawaru
 10143 | D:11     | Noticed a cyan ugly thing
 10165 | D:11     | Killed a cyan ugly thing
 10297 | Lair:1   | Entered Level 1 of the Lair of Beasts
 10608 | Lair:1   | Noticed a four-headed hydra
 10612 | Lair:1   | Killed a four-headed hydra
 10848 | Lair:1   | Noticed a four-headed hydra
 10854 | Lair:1   | Noticed a seven-headed hydra
 10858 | Lair:1   | Killed a four-headed hydra
 10862 | Lair:1   | Killed a seven-headed hydra
 10862 | Lair:1   | Reached XP level 12. HP: 35/114 MP: 17/17
 11403 | Lair:2   | Found a staircase to the Swamp.
 11470 | Lair:2   | Received a gift from Okawaru
 11577 | Lair:2   | Noticed Gastronok
 11874 | Lair:2   | Killed Gastronok
 11874 | Lair:2   | Received a gift from Okawaru
 12001 | Lair:2   | Noticed an eight-headed hydra
 12003 | Lair:2   | Killed an eight-headed hydra
 12148 | Lair:2   | Reached skill level 10 in Evocations
 12216 | Lair:3   | Received a gift from Okawaru
 12229 | Lair:3   | Found a staircase to the Snake Pit.
 12256 | Lair:3   | Noticed a catoblepas
 12301 | Lair:3   | Killed a catoblepas
 12387 | Lair:3   | Reached ****** piety under Okawaru
 12387 | Lair:3   | Received a gift from Okawaru
 12444 | Lair:3   | Got a transparent robe
 12499 | Lair:3   | Identified the +0 robe of the Pits of Slime {rElec rF+} (You found it on level 3 of the Lair of Beasts)
 13130 | Lair:4   | Received a gift from Okawaru
 13634 | Lair:5   | Received a gift from Okawaru
 13643 | Lair:5   | Reached XP level 13. HP: 68/120 MP: 19/19
 13774 | Lair:5   | Noticed Rupert
 13776 | Lair:5   | Paralysed by Rupert for 5 turns
 13780 | Lair:5   | HP: 1/120 [Rupert/great mace of crushing (20)]
 13780 | Lair:5   | Slain by Rupert

Inventory:

Hand Weapons
 b - a +1 blowgun
Missiles
 d - 3 throwing nets
 s - 28 poisoned needles
 t - 3 poisoned javelins
 A - 4 javelins
 R - 7 large rocks (quivered)
 W - 5 curare-tipped needles
Armour
 a - a +2 cloak of invisibility (worn)
 o - the +0 robe of the Pits of Slime (worn) {rElec rF+}
   (You found it on level 3 of the Lair of Beasts)

   It protects you from fire.
   It insulates you from electricity.
 D - a +2 hat (worn)
Jewellery
 n - a ring of positive energy (right claw)
 r - an amulet of regeneration (around neck)
 x - a +2 ring of dexterity (left claw)
Wands
 w - a wand of iceblast (3/15)
 y - a wand of polymorph (24/24)
 z - a wand of paralysis (13/24)
 B - a wand of teleportation (5/9)
 H - a wand of paralysis (10/24)
 K - a wand of flame (11/48)
 U - a wand of iceblast (1/15)
Scrolls
 c - a scroll of fear
 l - 7 scrolls of teleportation
 p - 7 scrolls of remove curse
 v - 4 scrolls of recharging
 C - 5 scrolls of immolation
 I - 3 scrolls of magic mapping
 P - a scroll of blinking
 X - a scroll of silence
 Z - a scroll of fog
Potions
 e - 6 potions of curing
 g - 7 potions of lignification
 i - 3 potions of haste
 m - 2 potions of invisibility
 q - 3 potions of berserk rage
 E - a potion of cancellation {unknown}
 F - 2 potions of might {unknown}
 G - a potion of magic {unknown}
 J - 4 potions of heal wounds
 L - 2 potions of agility {unknown}
 M - a potion of flight {unknown}
 O - a potion of cure mutation {unknown}
 T - 2 potions of ambrosia {unknown}
Books
 Q - a book of Misfortune

   Spells                             Type                      Level
   a - Confusing Touch                Hexes                        1
   b - Confuse                        Hexes                        3
   c - Gell's Gravitas                Hexes/Translocation          3
   d - Petrify                        Transmutation/Earth          4
   e - Metabolic Englaciation         Hexes/Ice                    5
   f - Yara's Violent Unravelling     Hexes/Transmutation          5
Comestibles
 f - 8 bread rations
 h - a chunk of flesh
 j - 53 fruits
 k - 8 meat rations
 V - 4 slices of pizza


   Skills:
 - Level 6.2 Fighting
 - Level 7.4 Throwing
 + Level 8.7 Dodging
 - Level 0.3 Stealth
 - Level 10.0 Unarmed Combat
 - Level 2.0 Invocations
 + Level 10.6 Evocations


You had 12 spell levels left.
You didn't know any spells.

Dungeon Overview and Level Annotations

Branches:
Dungeon (11/15)            Temple (1/1) D:5            Lair (5/6) D:8
  Swamp (0/4) Lair:2        Snake (0/4) Lair:3          Orc (0/2) D:9
  Slime: Lair:5-6

Altars:
Ashenzari
Cheibriados
Dithmenos
Elyvilon
Fedhas
Gozag
Hepliaklqana
Kikubaaqudgha
Makhleb
Nemelex Xobeh
Okawaru
Qazlal
Ru
Trog
Uskayaw
Vehumet
Xom
Yredelemnul
Zin
The Shining One

Shops:
D:3 *   D:4 =?   D:5 ?

Portals:
Trove: D:10 (give +3 shadow dragon scales)

Annotations:
D:3 (Yiuf)
Lair:5 Rupert


Innate Abilities, Weirdness & Mutations

You are too large for most types of armour.
You have claws for hands.
Your metabolism is lightning-fast.
You like to eat raw meat.
Your natural rate of healing is unusually fast.
You are covered in fur. (AC +1)
You have very tough skin. (AC +2)

Vault maps used:
D:1:      enne_arrival_octagon_isle
D:2:      minivault_5
D:3:      nicolae_gozag_zags_fifth_avenue, kennysheep_slug_shrine,
          uniq_crazy_yiuf_cottage
D:4:      kennysheep_mini, serial_shops, shop, nicolae_shop_statue_plus,
          first_bread, nrook_mini_vaults
D:5:      tgw_sif, ashenzari_altar_1, serial_shops, shop_statue
D:6:      kennysheep_little_box, chequers_temple_overflow_minitemple
D:7:      okawaru_humans
D:8:      minmay_lair_entry_lava, blue_anna_alchemist,
          nicolae_qazlal_style_of_elements
D:9:      fiery_altar_vehumet, hiddenorc2_lemuel
D:10:     nicolae_trove_entry_diagonal, minmay_orc_keep
D:11:     uniq_josephine, uniq_sonja, uniq_erica, uniq_harold
Temple:   dshaligram_water_room_temple
Lair:1:   infiniplex_staircase_pool_2, grunt_megastairs_5, serial_bayou_shore_a,
          lemuel_fruit_fields
Lair:2:   swamp_mist_pool, lemuel_fruit_tree, uniq_gastronok
Lair:3:   guppyfry_snake_entry_garden, grunt_megastairs_2
Lair:4:   bh_autumn_forest_stairs
Lair:5:   serial_bayou_pond_a, uniq_rupert


Message History

You mangle the dream sheep!!
You kill the dream sheep!
Okawaru accepts your kill.
The dream sheep ruffles its wool and motes of dream dust sparkle, to no effect.
You mangle the dream sheep!!
The dream sheep is almost dead.
The dream sheep bites you.
You mangle the dream sheep!!
You kill the dream sheep!
Okawaru accepts your kill.
You have reached level 13!
A crocodile comes into view.
Found 5 gold pieces.
You see here a dream sheep corpse.
There is a stone staircase leading up, spattered with blood here.
You see here 6 steel javelins.
You climb upwards.
There is a stone staircase leading down, spattered with blood here.
You start resting.
HP restored.
You see here a dream sheep corpse.
You butcher the dream sheep corpse.
h - 4 chunks of flesh Eat one of 4 chunks of flesh? (ye/n/q)
You start eating one of the 4 chunks of flesh.
This raw flesh tastes great.
Eat one of 3 chunks of flesh? (ye/n/q)
You start eating one of the 3 chunks of flesh.
This raw flesh tastes great.
Eat one of 2 chunks of flesh? (ye/n/q)
You start eating one of the 2 chunks of flesh.
This raw flesh tastes great.
There is a stone staircase leading down, spattered with blood here.
You climb downwards.
There is a stone staircase leading up, spattered with blood here.
You see here 6 steel javelins.
A crocodile comes into view.
There is a stone staircase leading up, spattered with blood here.
You see here 6 steel javelins.
You claw the crocodile!
The crocodile is heavily wounded.
The crocodile bites you but does no damage.
You scratch the crocodile.
The crocodile is heavily wounded.
The crocodile misses you.
You mangle the crocodile!!
You kill the crocodile!
Okawaru accepts your kill.
You see here a scroll of identify.
u - a scroll of identify The crocodile closely misses you.
You claw the crocodile!
The crocodile is severely wounded.
The crocodile bites you but does no damage.
You scratch the crocodile.
The crocodile is almost dead.
The crocodile barely misses you.
You barely miss the crocodile.
The crocodile is almost dead.
The crocodile closely misses you.
You claw the crocodile!
You kill the crocodile!
Okawaru accepts your kill.
You now have 845 gold pieces (gained 5).
As you read the scroll of identify, it crumbles to dust.
S - 3 potions of degeneration Drop what? 49/52 slots (_ for help) (? for menu, Esc to quit)
You drop 3 potions of degeneration.
There is a stone staircase leading up, spattered with blood here.
You see here 6 steel javelins.
s - 28 poisoned needles (gained 11)
Found 2 tomahawks.
u - a scroll of identify
As you read the scroll of identify, it crumbles to dust.
m - 2 potions of invisibility
Found 24 bolts.
Found 23 gold pieces.
A hydra and Rupert come into view.
Rupert is wielding a great mace of crushing.
Rupert shouts!
The eight-headed hydra roars!
Found a scroll of immolation.
Rupert screams, "Hurray!"
Rupert roars wildly at you.
You suddenly lose the ability to move!
The eight-headed hydra bites you! x2; The eight-headed hydra bites you.
The eight-headed hydra bites you!
The eight-headed hydra bites you but does no damage. x2
The eight-headed hydra bites you! x2
Rupert hits you with a great mace of crushing!
The eight-headed hydra bites you but does no damage.
The eight-headed hydra bites you!
The eight-headed hydra bites you but does no damage. x2
The eight-headed hydra bites you.
* * * LOW HITPOINT WARNING * * *
The eight-headed hydra bites you!
* * * LOW HITPOINT WARNING * * *
The eight-headed hydra bites you but does no damage. x2
Rupert hits you with a great mace of crushing!!
* * * LOW HITPOINT WARNING * * *
You die...

#### #.#.####
####..#..### #######
#P.........# #.#...###
#..........#####.......#
..........#.....@......#
#.........+..##.D@.....#
..........#..##.........
...[....(..#...#.......#
..........##.........?..
..........#..##.........
....#...#.#### #........
#####.#.### #........ #
###..#


You could see Rupert and an eight-headed hydra.

Vanquished Creatures
  Gastronok (Lair:2)
  Josephine (D:11)
  Harold (D:11)
  A catoblepas (Lair:3)
  4 hydras
  Erica (D:11)
  Sonja (D:11)
  2 ugly things (D:11)
  A gargoyle (D:11)
  2 rime drakes
  3 komodo dragons
  A troll (D:9)
  3 hippogriffs
  11 blink frogs
  7 dream sheep
  2 wyverns
  3 wraiths (D:11)
  30 yaks
  2 humans (D:7)
  A basilisk (Lair:3)
  2 nagas (Lair:3)
  5 porcupines
  2 hell hounds (D:8)
  8 water moccasins
  3 orc warriors (D:9)
  An ice beast (D:11)
  2 black bears
  3 centaurs
  3 sky beasts
  7 ogres
  11 crocodiles
  The ghost of Nordron the Insei, an amateur OpTm (D:4)
  A big kobold (D:8)
  9 bullfrogs
  2 gnoll sergeants
  A wyvern skeleton (D:6)
  3 scorpions
  An electric eel (Lair:1)
  6 howler monkeys
  4 crimson imps
  A bullfrog zombie (D:9)
  A quasit (D:7)
  Crazy Yiuf (D:3)
  A jelly (D:10)
  3 hounds
  11 orc wizards
  A gnoll shaman (D:7)
  8 orc priests (D:9)
  4 bullfrog skeletons
  An iguana (D:9)
  7 worker ants
  A hound skeleton (D:5)
  A worker ant zombie (D:6)
  17 gnolls
  2 howler monkey skeletons
  9 adders
  A shadow imp (D:4)
  An ooze (D:4)
  6 dart slugs
  4 leopard geckos
  47 orcs
  6 bats
  8 giant cockroaches
  8 goblins
  9 hobgoblins
  2 jackals (D:10)
  3 kobolds
  2 quokkas (D:5)
  6 ball pythons
  7 frilled lizards
  A giant cockroach zombie (D:5)
  A jackal skeleton (D:7)
  2 leopard gecko skeletons
  A quokka skeleton (D:7)
  12 rats
349 creatures vanquished.

Vanquished Creatures (others)
  A gnoll (D:7)
1 creature vanquished.

Grand Total: 350 creatures vanquished

Action                   |  1- 3 |  4- 6 |  7- 9 | 10-12 | 13-15 || total
-------------------------+-------+-------+-------+-------+-------++-------
Melee: Unarmed           |   137 |   163 |   281 |   629 |     7 ||  1217
       Short sword       |     1 |       |       |       |       ||     1
       Punch             |       |     1 |    16 |    35 |       ||    52
 Fire: Blowgun           |       |       |       |    25 |       ||    25
Throw: Large rock        |       |     5 |    16 |    25 |       ||    46
       Javelin           |       |       |       |    21 |       ||    21
       Throwing net      |       |       |       |     3 |       ||     3
Invok: Heroism           |       |       |     1 |     7 |       ||     8
Evoke: Wand              |       |       |       |    12 |       ||    12
  Use: Scroll            |       |    15 |     5 |     8 |     2 ||    30
       Potion            |       |       |       |     2 |       ||     2
 Stab: Sleeping          |     1 |       |     2 |       |       ||     3
       Distracted        |       |       |     1 |       |       ||     1
       Held in net/web   |       |       |       |     1 |       ||     1
       Paralysed         |       |       |       |     1 |       ||     1
  Eat: Chunk             |    12 |    19 |    38 |    54 |     3 ||   126
       Beef jerky        |       |       |     1 |       |       ||     1
       Royal jelly       |       |       |       |     2 |       ||     2
Armor: Robe              |    44 |    46 |    75 |    60 |     9 ||   234
       Troll leather arm |       |       |       |    62 |       ||    62
Dodge: Dodged            |    66 |    61 |   113 |   296 |     4 ||   540

Action                   |  1- 3 |  4- 6 |  7- 9 | 10-12 | 13-15 || total
-------------------------+-------+-------+-------+-------+-------++-------
Melee: Unarmed           |   137 |   163 |   281 |   629 |     7 ||  1217
       Short sword       |     1 |       |       |       |       ||     1
       Punch             |       |     1 |    16 |    35 |       ||    52
 Fire: Blowgun           |       |       |       |    25 |       ||    25
Throw: Large rock        |       |     5 |    16 |    25 |       ||    46
       Javelin           |       |       |       |    21 |       ||    21
       Throwing net      |       |       |       |     3 |       ||     3
Invok: Heroism           |       |       |     1 |     7 |       ||     8
Evoke: Wand              |       |       |       |    12 |       ||    12
  Use: Scroll            |       |    15 |     5 |     8 |     2 ||    30
       Potion            |       |       |       |     2 |       ||     2
 Stab: Sleeping          |     1 |       |     2 |       |       ||     3
       Distracted        |       |       |     1 |       |       ||     1
       Held in net/web   |       |       |       |     1 |       ||     1
       Paralysed         |       |       |       |     1 |       ||     1
  Eat: Chunk             |    12 |    19 |    38 |    54 |     3 ||   126
       Beef jerky        |       |       |     1 |       |       ||     1
       Royal jelly       |       |       |       |     2 |       ||     2
Armor: Robe              |    44 |    46 |    75 |    60 |     9 ||   234
       Troll leather arm |       |       |       |    62 |       ||    62
Dodge: Dodged            |    66 |    61 |   113 |   296 |     4 ||   540
